[Event "Benidorm Open-A 2022"]
[Site "Benidorm"]
[Date "2022.12.06"]
[Round "4.28"]
[White "Minana Menor, Antonio"]
[Black "Draghici Flutur, Gavril"]
[Result "0-1"]
[ECO "B56"]
[WhiteElo "2102"]
[BlackElo "2012"]
[Annotator "TA"]
[PlyCount "74"]
[EventDate "2022.12.03"]
[EventType "swiss"]
[EventCountry "ESP"]
[SourceTitle "playchess.com"]
[Source "ChessBase"]
[SourceQuality "1"]
[TimeControl "5400+30"]

1. e4 c5 2. Nf3 d6 3. d4 Nf6 4. Nc3 cxd4 5. Nxd4 Nc6 6. f3 e5 7. Nb3 Be7 8. Be3 O-O 9. Qd2 a5 10. Bb5 Be6 11. O-O-O {is currently scoring better than 11.Rd1.} Qc7 {B56: Classical Sicilian: Unusual Lines.} (11... Na7 {simplifies} 12. Bxa7 Rxa7 13. Kb1 Ra8) 12. g4 (12. Kb1 {simplifies} Na7 13. Bxa7 Rxa7 14. a4) 12... Nb4 {[#] Threatens to win with ...d5.} 13. Kb1 $146 (13. g5 $5 Nd7 14. a3 $11) ({Predecessor:} 13. g5 Nh5 14. Kb1 a4 15. Nxa4 Rxa4 16. Bxa4 Nxa2 17. Qa5 Qxa5 18. Nxa5 Ra8 19. Bd2 {½-½ (50) Cechura,P (2128)-Svatos,J (2256) Czech Republic 2005}) 13... d5 $1 {The position is equal.} 14. g5 $132 {[%mdl 2048] Prevents a4. White is fighting back} d4 (14... Nxe4 {is more complex.} 15. fxe4 a4 16. Bxa4 d4) 15. gxf6 Bxf6 16. Bxd4 Rfd8 17. Bxe5 Bxe5 18. Qe3 Rxd1+ (18... Bxh2 19. a3 Bf4 20. Qe2 $14) 19. Rxd1 a4 (19... Bxc3 $5 20. Qxc3 (20. bxc3 Nxa2 21. Kxa2 a4 $15) 20... Qxh2 $11) 20. Nc5 {[%mdl 8192] [#] This costs White the game.} (20. Nxa4 $2 Qxc2+ 21. Ka1 Bxb2+ 22. Nxb2 Rxa2#) (20. Nd4 $1 $14 {was the only good move.}) 20... Qb6 $1 $19 21. Bxa4 Na6 (21... Bxh2 $2 22. Qd4 Nc6 23. Bxc6 Qxc6 {[#]} 24. Nxb7 $1 $18 ) 22. f4 Bxc3 ({Weaker is} 22... Qxc5 23. Qxc5 Nxc5 24. fxe5 $16) (22... Nxc5 $2 23. fxe5 Nxa4 24. Qxb6 Nxb6 25. Nd5 $19) 23. Qxc3 {Hoping for Nxe6.} Nxc5 (23... Qxc5 $2 {loses.} 24. Qd4 $19) 24. Bb3 Bxb3 (24... Nxe4 $2 {too greedy.} 25. Qd4 Qxd4 26. Rxd4 Bxb3 27. axb3 $19) 25. cxb3 Nxe4 26. Qe5 Nf6 27. a3 (27. Qd6 {might work better.} Qe3 28. Qd4) 27... Qxb3 28. Rg1 Re8 29. Qg5 Qd3+ 30. Ka1 Qg6 31. Qc5 Qh6 32. Qf5 (32. Qg5 $142 Qg6 33. Qc5) 32... Ne4 33. Rg2 (33. Rd1 $142 Qb6 34. Qd7) 33... Qc6 34. Qg4 g6 {( -> ...Qc1+)} 35. f5 Qc1+ 36. Ka2 Nd2 37. fxg6 Qb1# {Weighted Error Value: White=0.82/Black=0.26 (precise)} 0-1

[Event "Benidorm Open-A 2022"]
[Site "Benidorm"]
[Date "2022.12.06"]
[Round "4.29"]
[White "Gavarrete, Nahun"]
[Black "Clemente Llamero, Roberto"]
[Result "1-0"]
[ECO "A15"]
[WhiteElo "2308"]
[BlackElo "1955"]
[Annotator "TA"]
[PlyCount "54"]
[EventDate "2022.12.03"]
[EventType "swiss"]
[EventCountry "ESP"]
[SourceTitle "playchess.com"]
[Source "ChessBase"]
[SourceQuality "1"]
[TimeControl "5400+30"]

1. Nf3 Nf6 2. c4 e6 3. Nc3 d5 4. e3 dxc4 5. Bxc4 a6 6. a4 {A17: English Opening: 1...Nf6 with ...Bb4.} b6 7. O-O Bb7 {Against e4} 8. d4 {[%cal Oe3e4] The position is equal.} Bb4 {Against e4} 9. Qe2 O-O 10. Rd1 Qe7 11. Bd3 {11.Ne5 is not played anymore.} Nbd7 (11... c5 {with more complications.} 12. e4 cxd4 13. e5 dxc3 14. exf6 Qxf6 15. Be4 Bxe4 16. Qxe4 cxb2 17. Bxb2 Qxb2 18. Ng5 g6) 12. e4 {White wants to play e5.} e5 13. d5 c6 14. dxc6 (14. Bc4 $14 {feels stronger.}) 14... Bxc6 $11 15. Bg5 h6 (15... Nc5 {looks sharper.} 16. Nh4 g6 17. Qf3 Kg7) 16. Bh4 {[#]} Rfe8 $146 ({Predecessor:} 16... Bxc3 17. bxc3 Nc5 18. Bc2 Qe6 19. a5 Nfxe4 20. Bxe4 Nxe4 21. Qe3 b5 22. Bg3 Nxg3 23. hxg3 {½-½ (87) Nazaretyan,T (2316)-Ingunza Curro,A (2367) Chess.com INT 2022}) 17. Bxf6 Nxf6 18. Nd2 Qb7 19. Nc4 Bc5 20. Rac1 a5 21. Bc2 b5 22. Nd6 Bxd6 23. Rxd6 b4 24. Nd5 Nxd5 25. exd5 Bd7 26. Qd3 $2 {[#]} (26. Bb3 $11 {and White is okay.}) 26... e4 $19 27. Qg3 (27. Qe2 $142 Qc7 28. Rxd7 Qxd7 29. Bb3) 27... Qc7 {[%mdl 32768] Weighted Error Value: White=0.29 (precise) /Black=0.10 (very precise) . Loss on time!?} (27... Rac8 $142 28. Qe3 Qc7) 1-0

[Event "Benidorm Open-A 2022"]
[Site "Benidorm"]
[Date "2022.12.06"]
[Round "4.30"]
[White "Rodriguez Melendez, Juan Humbert"]
[Black "O`Neill Y Daneiko, Jose Antonio"]
[Result "1/2-1/2"]
[ECO "C50"]
[WhiteElo "2157"]
[BlackElo "1961"]
[Annotator "TA"]
[PlyCount "60"]
[EventDate "2022.12.03"]
[EventType "swiss"]
[EventCountry "ESP"]
[SourceTitle "playchess.com"]
[Source "ChessBase"]
[SourceQuality "1"]
[TimeControl "5400+30"]

1. e4 e5 2. Nf3 Nc6 3. Bc4 Nf6 4. d3 Bc5 5. O-O d6 6. c3 a6 7. h3 {C54: Giuoco Piano: 4 c3 Nf6, main lines with 5 d4 and 5 d3.} h6 8. d4 {Recently 8.a4 got a lot of attention.} Ba7 9. Re1 (9. dxe5 {simplifies} Nxe5 10. Nxe5 dxe5 11. Qxd8+ Kxd8 12. Nd2) 9... O-O 10. Bb3 Re8 11. d5 Ne7 {[%cal Bc6e7,Be7g6,Bg6h4,Bh4f3][%mdl 32] [#]} 12. Nbd2 $146 ({Predecessor:} 12. Nh4 g5 13. Qf3 Kg7 14. Nf5+ Nxf5 15. exf5 e4 16. Qe2 Bxf5 17. Be3 Bxe3 18. Qxe3 {0-1 (25) Hasnul,H (1398)-Mohd Saprin,A (1953) Penang 2019}) 12... Ng6 13. Nf1 Nh5 ({Black should play} 13... c6 $15) 14. Be3 $11 Bxe3 15. fxe3 Nh4 16. g4 {Prevents f5.} Nxf3+ 17. Qxf3 Nf6 18. Ng3 Nh7 {And now ...Qh4 would win.} 19. Rf1 Rf8 {White must now prevent ...Qh4.} 20. Rf2 Qh4 {[#] Hoping for ...Ng5.} 21. Rh2 $1 Bd7 22. Kg2 Rae8 23. Qf2 g6 24. Rf1 Qe7 25. Bc2 Kg7 (25... Rb8 {simplifies} 26. Bd1 Qh4 27. Ne2 Qxf2+ 28. Rxf2 Kg7) 26. Kg1 Rg8 27. Rg2 $2 {[#]} (27. a4 $11) 27... f6 $2 (27... h5 $1 $19 {aiming for ...Ng5.} 28. h4 (28. gxh5 $2 {perishes.} Ng5 $19) 28... hxg4) 28. Bd3 {The position is equal.} Ref8 29. Kh2 Kh8 30. Ne2 Qg7 {Weighted Error Value: White=0.20 (precise) /Black=0.14 (very precise)} 1/2-1/2

[Event "Benidorm Open-A 2022"]
[Site "Benidorm"]
[Date "2022.12.06"]
[Round "4.31"]
[White "Horcajada Reales, Guillermo"]
[Black "Sanroman Costas, Mauro"]
[Result "1/2-1/2"]
[ECO "A10"]
[WhiteElo "2081"]
[BlackElo "2123"]
[Annotator "TA"]
[PlyCount "128"]
[EventDate "2022.12.03"]
[EventType "swiss"]
[EventCountry "ESP"]
[SourceTitle "playchess.com"]
[Source "ChessBase"]
[SourceQuality "1"]
[TimeControl "5400+30"]

1. c4 b6 2. Nc3 e6 3. e4 Bb7 4. Nge2 Be7 {[#]} 5. d4 $146 ({Predecessor:} 5. g3 f5 6. Bg2 Nf6 7. d3 O-O 8. O-O fxe4 9. dxe4 Nc6 10. h3 e5 11. Nd5 Bc5 12. Bg5 {½-½ (46) Berry,N (2308)-Wilson,A (2042) England 2012}) 5... d6 6. Be3 {A10: English Opening: Unusual Replies for Black.} Nd7 7. f3 a6 8. Qd2 {White is better.} c5 9. d5 e5 (9... Ne5 $14) 10. a4 Bc8 11. g3 {White is more active.} h5 12. h4 Ndf6 13. Ng1 Bd7 14. Nh3 Rb8 15. Ng5 Nh6 16. Bh3 Bxh3 17. Rxh3 Qd7 18. Rh2 O-O 19. Nh3 Kh7 20. Bxh6 gxh6 21. Nd1 Ne8 22. Ne3 Ng7 {Prevents Nf5.} 23. Qc2 Kh8 24. Nf5 (24. Kf2 $11) 24... Nxf5 $15 25. exf5 Rg8 {Inhibits g4.} 26. Kf2 b5 27. cxb5 axb5 28. a5 c4 (28... Ra8 $15) 29. Qe4 (29. Rg2 $11) 29... Qa7+ (29... Bd8 $17 30. Kg2 Ra8) 30. Kg2 $11 Rg7 $36 {[%mdl 2048] [#] White must now prevent ...Rbg8. White is under pressure.} 31. Nf2 f6 (31... Rbg8 $5 32. Rh3 Ra8 $11) 32. g4 Qc5 33. Kh3 Rbg8 34. Rg2 Bd8 $1 35. Rag1 (35. a6 $11 {might be stronger.}) 35... Bxa5 $15 36. f4 $2 (36. Qe2 $15) 36... Bb6 (36... hxg4+ $142 37. Nxg4 Qd4) 37. fxe5 $19 dxe5 38. g5 Qe3+ $2 (38... fxg5 $19 39. hxg5 hxg5) 39. Qxe3 $11 Bxe3 40. gxf6 Rxg2 41. Rxg2 Bxf2 42. Rxf2 {[%mdl 4096] Endgame KR-KR} Rf8 43. Re2 Rxf6 (43... Kg8 $11 {keeps the balance.}) 44. Rxe5 $16 Kg7 (44... b4 $142) 45. Kg3 Ra6 {[#]} 46. d6 $2 ({Wrong is} 46. Re6 $2 Rxe6 47. fxe6 b4 $19) (46. Kf4 $1 $16) 46... Rxd6 $11 47. Rxb5 Kf6 48. Rc5 Rd1 49. Rc6+ Kxf5 50. Rxh6 Rd3+ 51. Kg2 (51. Kf2 $11) 51... Kg4 $17 {aiming for ...Rd2+.} 52. Re6 $2 (52. Rg6+ $17 Kxh4 53. Re6) 52... Rg3+ $2 ({Worse is} 52... Kxh4 53. Re4+ Kg5 54. Rxc4 $11) (52... Rd2+ $19 53. Kg1 Rxb2 54. Re4+ Kg3 55. Re3+ Kf4) 53. Kf2 $11 {Intending Rg6+ and mate. The position is equal.} Rb3 54. Re4+ Kh3 55. Rxc4 Rxb2+ 56. Ke3 Rb5 57. Ra4 Re5+ 58. Re4 Rf5 59. Ra4 Rf1 60. Ke2 Rf8 61. Ke3 Re8+ 62. Re4 Ra8 63. Rb4 Ra1 64. Ke2 Ra2+ {What a fight!   Weighted Error Value: White=0.41/Black=0.35} 1/2-1/2

[Event "Benidorm Open-A 2022"]
[Site "Benidorm"]
[Date "2022.12.06"]
[Round "4.32"]
[White "Troffiguer, Olivier"]
[Black "Unciti Juan, Javier"]
[Result "1/2-1/2"]
[ECO "A05"]
[WhiteElo "2007"]
[BlackElo "1999"]
[Annotator "TA"]
[PlyCount "83"]
[EventDate "2022.12.03"]
[EventType "swiss"]
[EventCountry "ESP"]
[SourceTitle "playchess.com"]
[Source "ChessBase"]
[SourceQuality "1"]
[TimeControl "5400+30"]

1. Nf3 Nf6 2. e3 g6 3. b3 Bg7 4. Bb2 O-O 5. c4 d5 6. cxd5 Nxd5 7. Bxg7 Kxg7 8. Be2 c5 9. Qc1 {A30: Symmetrical English: Double Fianchetto and Hedgehog.} b6 10. Qb2+ f6 11. d4 {Inhibits e5. The position is equal.} cxd4 12. Nxd4 e5 {[#]} 13. Nc2 $146 ({Predecessor:} 13. Nf3 Ba6 14. O-O Bxe2 {½-½ (14) Staller,P (2310)-Legde,G (2257) Germany 2000}) 13... Nd7 14. O-O Bb7 15. Rd1 {Strongly threatening Bg4.} Qe7 16. Bc4 Nc7 17. Qa3 Nc5 18. Nc3 {Prevents b5.} Rfe8 19. Rac1 a6 20. Nd5 Nxd5 21. Bxd5 Rad8 22. Bxb7 Qxb7 23. Ne1 a5 24. Qb2 Rd5 25. b4 axb4 26. Rxd5 Qxd5 27. Qxb4 Re6 28. a4 Qa8 $2 (28... Qd7 $11) 29. a5 $1 $16 Qe4 $2 (29... Na6 $16 {keeps fighting.} 30. Qb3 Rc6 31. Rxc6 Qxc6) 30. Qxe4 Nxe4 $18 {[%mdl 4096] Endgame KRN-KRN} 31. a6 (31. Rc7+ $18 Kh6 32. a6) 31... Re7 {[#]} (31... Nc5 $1 $11) 32. Nd3 $1 $16 {aiming for Nb4.} Ra7 33. Nb4 (33. f3 $16 Nc5 34. Nxc5 bxc5 35. Ra1 (35. Rxc5 Rxa6 36. Rc7+ Kh6 $11)) 33... Nc5 $14 34. Kf1 Kf7 (34... Nxa6 $2 35. Ra1 $18) 35. Ke2 Ke6 36. Rd1 Ne4 $2 {[#]} (36... f5 $11) 37. Rd8 $1 $18 Nc5 38. Rb8 Nd7 39. Rc8 f5 (39... e4 $142 40. Rc6+ Ke7) 40. Rc6+ Ke7 41. Nd3 $2 (41. Kd3 $18) 41... b5 {Inhibits Kc4.} (41... Rxa6 $11 {and Black stays safe.} 42. Nb4 Ra5) 42. f3 {Weighted Error Value: White=0.28 (precise) /Black=0.39} 1/2-1/2

[Event "Benidorm Open-A 2022"]
[Site "Benidorm"]
[Date "2022.12.06"]
[Round "5.1"]
[White "Saydaliev, Saidakbar"]
[Black "Sarkar, Justin"]
[Result "1/2-1/2"]
[ECO "B44"]
[WhiteElo "2376"]
[BlackElo "2350"]
[Annotator "TA"]
[PlyCount "60"]
[EventDate "2022.12.03"]
[EventType "swiss"]
[EventCountry "ESP"]
[SourceTitle "playchess.com"]
[Source "ChessBase"]
[SourceQuality "1"]
[TimeControl "5400+30"]

1. e4 c5 2. Nf3 e6 3. d4 cxd4 4. Nxd4 Nc6 5. Bf4 Nf6 6. Nxc6 {B44: Sicilian: Taimanov: 5 Nb5.} bxc6 7. Nd2 d5 8. Bd3 {[#]} Be7 $146 (8... g6 $5 ) ({Predecessor:} 8... g6 9. c3 Bg7 10. O-O O-O 11. Re1 Nh5 12. Be3 e5 13. Bc5 Re8 14. g3 Nf6 {0-1 (39) Sanal,V (2561)-Indjic,A (2629) Vrnjacka Banja 2021}) 9. O-O O-O 10. Qe2 Nd7 11. h3 a5 12. Rab1 a4 13. b4 axb3 14. axb3 Nc5 15. Ra1 Nxd3 16. Qxd3 Bb7 17. Rxa8 Qxa8 18. Qg3 Rd8 $1 19. Be5 {[%csl Ge5][%cal Rg3g7] [#]} f6 20. Ra1 Qc8 21. Bb2 c5 22. exd5 exd5 23. Qg4 Qxg4 ({Black should play} 23... Qc6 $17) 24. hxg4 $11 Ra8 25. Rxa8+ Bxa8 {KBB-KBN} 26. f3 Kf7 27. Kf2 Ke6 28. Nf1 Bd6 29. Ng3 Bxg3+ 30. Kxg3 Bb7 {Weighted Error Value: White=0.11 (very precise) /Black=0.09 (flawless)} 1/2-1/2

[Event "Benidorm Open-A 2022"]
[Site "Benidorm"]
[Date "2022.12.06"]
[Round "5.2"]
[White "Ilamparthi A R"]
[Black "Fernandez Guillen, Ernesto J."]
[Result "1/2-1/2"]
[ECO "B50"]
[WhiteElo "2336"]
[BlackElo "2462"]
[Annotator "TA"]
[PlyCount "69"]
[EventDate "2022.12.03"]
[EventType "swiss"]
[EventCountry "ESP"]
[SourceTitle "playchess.com"]
[Source "ChessBase"]
[SourceQuality "1"]
[TimeControl "5400+30"]

1. e4 c5 2. Nf3 d6 3. d3 Nc6 4. g3 Nf6 5. Bg2 h5 {[#]} 6. Nbd2 $146 {B30: Sicilian: 2...Nc6 3 Bb5, lines without ...g6.} ({Predecessor:} 6. O-O Bd7 7. a3 Qc8 8. Ne1 Bh3 9. f4 h4 10. f5 Bxg2 11. Nxg2 hxg3 12. hxg3 {1-0 (42) Duran,R (1968)-Prieto Gomez,C (1725) Cali 2014}) 6... e5 7. c3 Be7 8. a3 {White is slightly better.} Nh7 9. d4 g5 (9... exd4 $11 {keeps the balance.} 10. cxd4 cxd4) 10. d5 $16 Nb8 11. h4 g4 12. Nh2 Na6 13. b4 (13. O-O $142) 13... f5 14. exf5 Bxf5 15. Ne4 Rc8 (15... Nf6 $14 16. Nxf6+ Bxf6) 16. Nf1 {White is more active.} cxb4 17. cxb4 Bg6 18. Ne3 O-O {[#]} 19. Nxg4 $1 Rc4 20. Qe2 Qc8 21. Nh6+ Kg7 22. O-O (22. Bd2 $16) 22... Rc2 $1 $14 23. Qe3 {Chess con chili.} Qc4 24. Re1 (24. Bd2 $14 Qd4 25. Qxd4 exd4 26. Rad1) 24... Nc7 $1 $15 25. Ng4 hxg4 $17 26. Qh6+ Kf7 {Threatens to win with ...Nb5.} 27. h5 (27. Bb2 $17 {is a better defense.}) 27... Bf5 $19 {And now ...Nb5 would win.} 28. Nxd6+ Bxd6 29. Qxd6 Ke8 $2 ({Resist} 29... Qd4 30. Be3 (30. Qxe5 $2 {leads to mate.} Qxf2+ 31. Kh2 Qxg2#) 30... Qc3 31. Bc5 $18 (31. Bxa7 Nb5 $16)) (29... Re8 $17 30. Be3 Nf6) 30. Be3 {[#] Bc5 is the strong threat.} Nf6 31. Bg5 (31. Bc5 $142 Qxc5 32. Rxe5+ (32. Qxc5 Rxc5 33. bxc5 e4 $16) 32... Kf7 33. bxc5) 31... Qa6 32. Qxa6 (32. Qxe5+ $142 Be6 33. Bxf6) 32... Nxa6 33. d6 $2 (33. Rxe5+ $18 Kd7 34. Rxf5) 33... b6 $2 (33... e4 $11) 34. Rac1 $2 ({Only move:} 34. Rxe5+ $18 Kd7 35. Rxf5) 34... Rxc1 $17 35. Rxc1 {Weighted Error Value: White=0.77/Black=0.18 (very precise)} 1/2-1/2

[Event "Benidorm Open-A 2022"]
[Site "Benidorm"]
[Date "2022.12.06"]
[Round "5.3"]
[White "Mannion, Stephen R"]
[Black "Ajay Karthikeyan"]
[Result "0-1"]
[ECO "C53"]
[WhiteElo "2227"]
[BlackElo "2441"]
[Annotator "TA"]
[PlyCount "66"]
[EventDate "2022.12.03"]
[EventType "swiss"]
[EventCountry "ESP"]
[SourceTitle "playchess.com"]
[Source "ChessBase"]
[SourceQuality "1"]
[TimeControl "5400+30"]

1. e4 e5 2. Nf3 Nc6 3. Bc4 Bc5 4. c3 Nf6 5. d4 exd4 6. e5 d5 7. Bb5 Ne4 8. cxd4 Bb6 9. Nc3 O-O 10. Be3 {C54: Giuoco Piano: 4 c3 Nf6, main lines with 5 d4 and 5 d3.} Bg4 11. h3 Bh5 12. Qc2 {The position is equal.} Nxc3 13. bxc3 f6 14. exf6 Qxf6 15. Bxc6 ({But not} 15. Ng5 Bg6 16. Qb3 Rad8 $15) (15. Be2 $11 {keeps the balance.}) 15... Bxf3 $17 16. Bxb7 Bxg2 17. Rg1 Rab8 ({Weaker is} 17... Bxh3 18. Bxd5+ Kh8 19. Bxa8 (19. Rh1 Bf5 $11) 19... Rxa8 20. Qe4 $16) (17... Rae8 $1 $19 {has better winning chances. Strongly threatening ...Bf3.} 18. O-O-O Be4) 18. Rxg2 Rxb7 19. O-O-O Ba5 20. Rdg1 {[#]} c6 $146 ({Predecessor:} 20... c5 21. Bg5 Qc6 22. Be3 c4 23. h4 Qf6 24. h5 Rfb8 25. h6 Rb1+ 26. Qxb1 Rxb1+ 27. Kxb1 {1-0 (46) Braun,J (1436)-Neuhoff,L (1847) Willingen 2021}) 21. Rg5 {[#]} (21. Rg4 $17 {keeps fighting.}) 21... Rfb8 $1 $19 22. Rh5 $2 (22. f4) 22... Rb1+ (22... g6 $142 {[%cal Oa5c3] And now ...Bxc3! would win.} 23. h4 Qf8 24. Rxg6+ hxg6 25. Qxg6+ Rg7 26. Qe6+ Qf7) 23. Qxb1 Rxb1+ 24. Kxb1 Bxc3 25. Re5 $2 (25. Rhg5 g6 26. Rd1) 25... c5 {Hoping for ...Qb6+.} 26. Re8+ Kf7 27. Rb8 {Against Qb6+} cxd4 28. Rb7+ Ke6 29. Bg5 Qf5+ (29... Qxf2 $142 30. Rc1 Qf5+ 31. Rc2 Qxg5) 30. Kc1 Qxf2 {( -> ...d3)} 31. Rd1 {Against d3} Qxa2 32. Rb1 h6 33. Bh4 Qc4 {Weighted Error Value: White=1.38/Black=0.54} 0-1

[Event "Benidorm Open-A 2022"]
[Site "Benidorm"]
[Date "2022.12.06"]
[Round "5.5"]
[White "Lohia, Sohum"]
[Black "Van Foreest, Machteld"]
[Result "0-1"]
[ECO "B33"]
[WhiteElo "2136"]
[BlackElo "2206"]
[Annotator "TA"]
[PlyCount "64"]
[EventDate "2022.12.03"]
[EventType "swiss"]
[EventCountry "ESP"]
[SourceTitle "playchess.com"]
[Source "ChessBase"]
[SourceQuality "1"]
[TimeControl "5400+30"]

1. e4 c5 2. Nf3 e6 3. d4 cxd4 4. Nxd4 Nf6 5. Nc3 Nc6 6. Ndb5 Bc5 7. Bf4 {The main line 7.Bf4 scores better than 7.Nd6+.} (7. Nd6+ {keeps more tension.} Ke7 8. Bf4 e5 9. Nf5+) 7... O-O {B45: Sicilian Four Knights.} 8. Bc7 {Against d5} Qe7 {Threatens to win with ...d5.} 9. Bd6 $1 {Prevents d5.} Bxd6 {The position is equal.} 10. Qxd6 Qd8 (10... Ne8 {simplifies} 11. Qxe7 Nxe7 12. Nd4 a6) 11. O-O-O a6 12. Nd4 Ne7 13. h4 b5 14. a3 Bb7 15. f3 Ne8 {[#]} 16. Qh2 $146 ({Predecessor:} 16. Qf4 Rc8 17. g4 Qb6 18. Qd2 d5 19. e5 Nc6 20. f4 b4 21. Na4 Qa5 22. Nxc6 Bxc6 {1-0 (55) Eljanov,P (2672)-Safin,R (2283) Chess.com INT 2021}) 16... Rc8 17. h5 Qb6 18. h6 {aiming for hxg7.} g6 19. Qg1 Qc7 20. Qe3 {[#]} (20. Bd3 $11) 20... e5 $1 $17 21. Nde2 d5 22. exd5 {[#]} Nxd5 23. Qf2 {[#]} (23. Qg5 f5) 23... a5 $1 {[%cal Ob5b4,Ba6a5,Ba5b4][%mdl 32] White must now prevent ...b4!} 24. Rd2 {[#] Against b4} b4 $1 25. Nxd5 Bxd5 26. axb4 (26. Qe3 $17 {is a better defense.}) 26... axb4 $19 {[%cal Oe8d6] ...Nd6! is the strong threat.} 27. Kd1 Nf6 28. Nc1 (28. Rh4 $142) 28... Rfd8 {[%cal Oc7c2] ( -> ...Qxc2+!)} 29. Bd3 e4 30. fxe4 (30. Qd4 {was worth a try.} Rd6 31. fxe4 (31. Bxe4 $2 {is the wrong capture.} Rcd8 $19) 31... Bxe4 32. Qxd6 Qxd6 33. Bxe4) 30... Nxe4 {Black is clearly winning.} 31. Qd4 (31. Bxe4 $142 Bxe4 32. Ke1 Rxd2 33. Qxd2) 31... f5 (31... Nxd2 $2 32. Qg7#) 32. Bxe4 Bxe4 {Weighted Error Value: White=0.40/Black=0.04 (flawless)} 0-1

[Event "Benidorm Open-A 2022"]
[Site "Benidorm"]
[Date "2022.12.06"]
[Round "5.7"]
[White "Vignesh B"]
[Black "Chernikov, Vladimir"]
[Result "1/2-1/2"]
[ECO "A06"]
[WhiteElo "2032"]
[BlackElo "2247"]
[Annotator "TA"]
[PlyCount "80"]
[EventDate "2022.12.03"]
[EventType "swiss"]
[EventCountry "ESP"]
[SourceTitle "playchess.com"]
[Source "ChessBase"]
[SourceQuality "1"]
[TimeControl "5400+30"]

1. Nf3 d5 2. b3 c5 3. Bb2 f6 4. e3 e5 5. d4 cxd4 6. exd4 e4 {A06: Réti Opening: 1 Nf3 d5.} 7. Nfd2 (7. Nh4 $5 ) 7... f5 8. c4 Nf6 9. Nc3 Be6 10. cxd5 Nxd5 11. Bc4 Bb4 12. Nxd5 Bxd5 13. a3 Be7 {[#]} 14. Nf1 $146 ({Predecessor:} 14. Qh5+ g6 15. Qh6 Nc6 16. Qg7 Bf6 17. Qxb7 Rb8 18. Qa6 Rb6 19. Qa4 e3 20. fxe3 Bxg2 {0-1 (31) Sharan,R (2033)-Lazic,M (2328) Novi Sad 2021}) 14... O-O 15. Ne3 Bf7 ({Black should try} 15... Bxc4 $15 16. bxc4 Nd7) 16. f4 (16. Nxf5 $2 Qa5+ 17. Qd2 Qxf5 $19) (16. O-O {feels stronger.}) 16... Bf6 17. Qd2 (17. Nxf5 $2 Qa5+ 18. Qd2 Qxf5 $19) 17... Qd7 18. d5 {Hoping for Bxf6.} Bxb2 19. Qxb2 b5 $2 {[#]} (19... Bg6 $14) 20. Be2 $2 ({White must play} 20. Bxb5 $1 $18 Qb7 21. Nxf5 (21. Bc4 Be8 $16)) 20... g6 (20... Bxd5 $2 21. Rd1 $18) 21. g4 {White is more active.} Qd6 (21... Bxd5 $2 22. Rd1 Qe7 23. Rxd5 $18) 22. Rf1 Qb6 23. Qd2 {Black must now prevent Rc1.} ({Much worse is} 23. Qc3 Nd7 24. gxf5 Rac8 $15) 23... Qf6 (23... Nd7 $11) 24. Rc1 $16 Nd7 25. g5 (25. Bxb5 $16 Nb6 26. gxf5) 25... Qd6 $14 26. Rc6 {Inhibits Nc5.} (26. Bxb5 Nc5 27. Rc3 Rab8 $11) (26. b4 $1 $14) 26... Qxa3 $11 27. Kf2 Nb6 28. h4 (28. b4 $11 {was preferrable.}) 28... Qxb3 (28... Be8 $5 29. Rc2 Qd6 $15) 29. h5 {Strongly threatening Qd4.} Rad8 (29... Bxd5 30. hxg6 hxg6 31. Rxg6+ Kf7 32. Rh6 $18) (29... gxh5 30. Qd4 Be8 31. Rc7 $18) 30. hxg6 Bxg6 (30... hxg6 $11 {keeps the balance.} 31. Rd1 Nxd5 32. Nxd5 Rxd5 33. Rxg6+ Bxg6 34. Qxd5+ Qxd5 35. Rxd5 a6) 31. d6 $1 $16 Be8 32. Rc7 {[%cal Oc7h7] And now Rxh7! would win.} Qe6 (32... Rf7 $16 33. Rc5 Qa3) 33. Rd1 $1 $40 {[%cal Oc7e7][%mdl 128] Re7! is the strong threat. White is out for blood. Dancing on a razor blade.} Rf7 {Inhibits Re7. aiming for ...Rxc7.} 34. Rxf7 (34. Rc5 $18) 34... Qxf7 $11 35. Qa5 Qe6 $2 {[#]} (35... Ra8 $11) 36. Bxb5 $2 ({White has to play} 36. Nd5 $1 $18 ) 36... Bxb5 {The position is equal.} 37. Qxb5 Rxd6 38. Rxd6 Qxd6 39. Qe8+ (39. Nxf5 $2 {is the wrong capture.} Qxf4+ 40. Kg2 Qxg5+ 41. Kh1 Qc1+ 42. Kg2 Qd2+ 43. Kg1 Qg5+ 44. Kh1 Qc1+ 45. Kh2 Qc2+ 46. Kg1 Qd1+ 47. Kg2 Qd2+ 48. Kh1 Qc1+ $19) 39... Qf8 40. Qe5 Nd7 {Weighted Error Value: White=0.33/Black=0.43} 1/2-1/2